 Dungeon Sprint DCSS version 0.29.1-15-g9cfb28693d (webtiles) character file.

Game seed: 3309425670164372993

4100000 sanboga the Imperceptible (level 19, -23/145 HPs)
             Began as a Gargoyle Fire Elementalist on Feb 23, 2023.
             Was the Champion of Makhleb.
             Annihilated by The Servant
             ... wielding a +9 glaive of flaming
              (133 damage)
             ... in the Dungeon (Sprint VIII: "Arena of Blood").
             The game lasted 00:01:14 (41 turns).

sanboga the Imperceptible (GrFE)                      Turns: 41, Time: 00:01:15

Health: -23/145    AC: 18    Str: 12    XL:     19   Next: 89%
Magic:  11/44      EV: 23    Int: 18    God:    Makhleb [******]
Gold:   0          SH:  0    Dex: 16    Spells: 59/60 levels left

rFire   . . .      SeeInvis +   h - +∞ Axe of Woe
rCold   . . .      Faith    .   (shield currently unavailable)
rNeg    + . .      Spirit   .   a - +0 robe
rPois   ∞          Reflect  .   (no helmet)
rElec   +          Harm     .   (no cloak)
rCorr   .          Rampage  .   (no gloves)
Will    +....      NoTele   +   (no boots)
Stlth   +++++++++.              (no amulet)
HPRegen 0.34/turn               i - ring of see invisible
MPRegen 0.29/turn               (no ring)

@: flying
A: sickness immunity, AC +14, big wings, negative energy resistance 1,
electricity resistance, torment resistance 1, petrification resistance
a: Renounce Religion, Minor Destruction, Lesser Servant of Makhleb, Major
Destruction, Greater Servant of Makhleb


You were in the Dungeon.
You worshipped Makhleb.
Makhleb was exalted by your worship.
You visited 1 branch

Inventory:

Hand Weapons
 h - the +∞ Axe of Woe (weapon)
   (You found it in the Dungeon)
Armour
 a - a +0 robe (worn)
Jewellery
 i - a ring of see invisible (left hand)
Scrolls
 g - a scroll of blinking
Potions
 b - 3 potions of magic
 c - a potion of curing
 d - a potion of heal wounds
 e - a potion of haste
 f - a potion of berserk rage


   Skills:
 + Level 24.6 Fighting
 + Level 21.1 Axes
 + Level 24.6 Armour
 + Level 19.7 Dodging
 + Level 26.6 Stealth
 + Level 22.9 Unarmed Combat
 + Level 21.3 Spellcasting
 + Level 24.6 Conjurations
 + Level 23.0 Fire Magic
 + Level 18.4 Invocations


You had 59 spell levels left.
You knew the following spells:

 Your Spells              Type           Power      Damage    Failure   Level
a - Foxfire               Conj/Fire      100%       2x1d9     0%          1

Your spell library contained the following spells:

 Spells                   Type           Power      Damage    Failure   Level
 Scorch                   Fire           100%       2d10      0%          2
 Conjure Flame            Conj/Fire      81%        6-21      0%          3
 Flame Wave               Conj/Fire      81%        2d18      0%          4
 Inner Flame              Hex/Fire       57%        N/A       1%          3


Dungeon Overview and Level Annotations

Branches:
Dungeon (1/1)

Altars:
Makhleb

Annotations:
D The Servant


Innate Abilities, Weirdness & Mutations

You are immune to sickness and miasma.
Your stone body is resilient. (AC +14)
You are immune to poison.
Your large and strong wings let you fly.
You resist negative energy. (rN+)
You are resistant to electric shocks. (rElec)
You are resistant to unholy torment.
You are immune to petrification.


Message History

i - a ring of see invisible You hear a shout! x4
A sculptor of flesh comes into view. It is wielding a +9 great sword.
You hear a shout!
A destroyer comes into view. It is wielding a +9 vorpal great sword.
The Servant is engulfed in blazing flames.
The destroyer points at you and mumbles some strange words.
The destroyer blinks!
You hear a shout!
The sculptor of flesh is engulfed in blazing flames.
The destroyer shouts!
i - a ring of see invisible (left hand)
The destroyer appears out of thin air!
A destroyer comes into view. It is wielding a +9 vorpal great sword.
The destroyer shouts!
The meat berserker rages.
You hear a shout!
The destroyer points at you and mumbles some strange words.
The destroyer blinks!
The large bag of meat is engulfed in blazing flames.
You hear a shout!
The destroyer shouts!
You slice the large bag of meat!!
Flame seeps out of the large bag of meat.
You butcher the large bag of meat messily.
Makhleb accepts your kill.
The large bag of meat explodes!
The fiery explosion engulfs The Servant!!
The fiery explosion engulfs you!!
You hear a shout! x6
The meat berserker is engulfed in blazing flames.
You hear a shout! x2
The sculptor of flesh is engulfed in blazing flames.
You hear a shout!
The destroyer gestures at you while chanting.
The destroyer blinks!
The Servant is engulfed in blazing flames.
The Servant hits you from afar with a +9 glaive of flaming!!!!
Ouch! That really hurt!
You die...

........☼)°...##..
....#...○☼...#....
.......V§)°..#...#
..##.#.○.☼.......
.V§...§z........
#.z..#).)V.####.
.....☼@V.§...#.
......O○§§......
.......@§......#
################


You could see The Servant, 4 destroyers, 2 sculptors of flesh and a meat
berserker (berserk).

Vanquished Creatures
  2 vampire knights (D)
  9 ogres (D)
  4 two-headed ogres (D)
  11 orcs (D)
26 creatures vanquished.

Notes
Turn   | Place    | Note
-------+----------+-------------------------------------------
     0 | D        | Found the +∞ Axe of Woe
     0 | D        | sanboga the Gargoyle Fire Elementalist began the quest for
                  | the Orb.
     0 | D        | Reached XP level 1. HP: 10/10 MP: 3/3
     4 | D        | Became a worshipper of Makhleb the Destroyer
     4 | D        | Noticed a meat berserker
     5 | D        | Noticed a meat berserker
     5 | D        | Noticed a bag of meat
     6 | D        | Noticed a meat berserker
     7 | D        | Killed a meat berserker
     8 | D        | Reached skill level 12 in Stealth
     8 | D        | Reached skill level 10 in Unarmed Combat
     8 | D        | Reached skill level 10 in Fire Magic
     8 | D        | Reached XP level 2. HP: 29/29 MP: 3/12
     8 | D        | Reached XP level 3. HP: 34/34 MP: 3/14
     8 | D        | Reached XP level 4. HP: 40/40 MP: 3/15
     8 | D        | Reached XP level 5. HP: 44/44 MP: 3/17
     8 | D        | Reached XP level 6. HP: 49/49 MP: 3/18
     8 | D        | Reached XP level 7. HP: 54/54 MP: 3/20
     8 | D        | Reached XP level 8. HP: 60/60 MP: 3/21
     8 | D        | Reached XP level 9. HP: 64/64 MP: 3/22
     8 | D        | Reached XP level 10. HP: 70/70 MP: 3/23
     8 | D        | Reached XP level 11. HP: 74/74 MP: 3/24
     8 | D        | Reached XP level 12. HP: 80/80 MP: 3/25
     8 | D        | Noticed a bag of meat
     8 | D        | Noticed a bag of meat
     8 | D        | Noticed a bag of meat
     9 | D        | Killed a meat berserker
     9 | D        | Reached * piety under Makhleb
     9 | D        | Killed a meat berserker
    10 | D        | Reached skill level 15 in Stealth
    10 | D        | Reached XP level 13. HP: 91/91 MP: 3/29
    10 | D        | Gained mutation: Your large and strong wings let you fly.
                  | [Gargoyle growth]
    10 | D        | Reached XP level 14. HP: 96/96 MP: 3/30
    10 | D        | Killed a bag of meat
    10 | D        | Killed a bag of meat
    10 | D        | Reached ** piety under Makhleb
    10 | D        | Noticed a meat berserker
    10 | D        | Noticed a meat berserker
    10 | D        | Noticed a meat berserker
    11 | D        | Reached skill level 15 in Fighting
    11 | D        | Reached skill level 15 in Armour
    11 | D        | Reached skill level 16 in Stealth
    11 | D        | Reached skill level 15 in Conjurations
    11 | D        | Noticed a bag of meat
    12 | D        | Noticed a meat berserker
    12 | D        | Noticed a bag of meat
    12 | D        | Noticed a bag of meat
    13 | D        | Killed a bag of meat
    13 | D        | Noticed a bag of meat
    13 | D        | Noticed a bag of meat
    13 | D        | Noticed a bag of meat
    14 | D        | Reached skill level 17 in Stealth
    14 | D        | Reached XP level 15. HP: 104/104 MP: 4/32
    15 | D        | Killed a meat berserker
    15 | D        | Reached *** piety under Makhleb
    16 | D        | Reached skill level 18 in Stealth
    16 | D        | Reached skill level 15 in Unarmed Combat
    16 | D        | Killed a meat berserker
    16 | D        | Noticed a meat berserker
    17 | D        | Reached skill level 15 in Axes
    17 | D        | Reached skill level 19 in Stealth
    17 | D        | Reached skill level 15 in Spellcasting
    17 | D        | Reached XP level 16. HP: 92/114 MP: 5/35
    17 | D        | Killed a meat berserker
    17 | D        | Killed a meat berserker
    17 | D        | Reached **** piety under Makhleb
    18 | D        | Reached skill level 15 in Dodging
    18 | D        | Reached skill level 20 in Stealth
    19 | D        | Reached skill level 21 in Stealth
    19 | D        | Reached XP level 17. HP: 123/123 MP: 5/38
    19 | D        | Killed a meat berserker
    19 | D        | Reached ***** piety under Makhleb
    20 | D        | Reached skill level 22 in Stealth
    21 | D        | Reached skill level 23 in Stealth
    21 | D        | Reached XP level 18. HP: 132/132 MP: 6/40
    21 | D        | Noticed a large bag of meat
    22 | D        | Noticed a large bag of meat
    23 | D        | Noticed a destroyer
    24 | D        | Noticed a large bag of meat
    24 | D        | Noticed a destroyer
    25 | D        | Noticed a destroyer
    27 | D        | Noticed a large bag of meat
    27 | D        | Killed a destroyer
    27 | D        | Killed a large bag of meat
    27 | D        | Noticed a meat berserker
    28 | D        | Reached skill level 24 in Stealth
    28 | D        | Reached skill level 15 in Invocations
    28 | D        | Noticed a destroyer
    30 | D        | Killed a large bag of meat
    31 | D        | Reached XP level 19. HP: 119/142 MP: 8/42
    31 | D        | Noticed The Servant
    33 | D        | Killed a large bag of meat
    33 | D        | Reached ****** piety under Makhleb
    34 | D        | Reached skill level 25 in Stealth
    36 | D        | Killed a destroyer
    36 | D        | Killed a meat berserker
    37 | D        | Reached skill level 26 in Stealth
    37 | D        | Noticed a sculptor of flesh
    37 | D        | Noticed a meat berserker
    37 | D        | Noticed a destroyer
    39 | D        | Noticed a sculptor of flesh
    39 | D        | Noticed a destroyer
    40 | D        | Noticed a destroyer
    41 | D        | Killed a large bag of meat
    41 | D        | Annihilated by The Servant

Illustrated notes

Levels and vault maps discovered:
D:        meatsprint

Skill      XL: |  1  2  3  4  5  6  7  8  9 10 11 12 13 14 15 16 17 18 19 |
---------------+----------------------------------------------------------+-----
Fighting       | 11 14 15 17 19 21 23 24 | 24.6
Axes           | 9 12 13 15 16 18 19 21 | 21.1
Armour         | 11 14 15 17 19 21 23 24 | 24.6
Dodging        | 8 11 12 14 15 16 18 19 | 19.7
Stealth        | 12 15 17 19 21 23 24 26 | 26.6
Unarmed Combat | 10 13 14 16 18 19 21 22 | 22.9
Spellcasting   | 9 12 13 15 17 18 19 21 | 21.3
Conjurations   | 11 14 15 17 19 21 23 24 | 24.6
Fire Magic     | 10 13 14 16 18 20 21 23 | 23.0
Invocations    | 9 12 15 18 | 18.4

Action                   |  1- 3 |  4- 6 |  7- 9 | 10-12 | 13-15 | 16-18 | 19-21 || total
-------------------------+-------+-------+-------+-------+-------+-------+-------++-------
Melee: Executioner's axe |     1 |       |       |     1 |     4 |     6 |     4 ||    16
Dodge: Dodged            |       |       |       |       |       |     1 |     1 ||     2
